TOP OF THE 1ST |
Coastal Carolina University Chanticleers batting - Pitching for University of Alabama Crimson Tide : RHP Roger Whitaker
|
Pitching: RHP Roger Whitaker
|
|
Batting: RHB Jim Unknown
|
0-0: Called Strike 0-1: Ground out 4-3 (Groundball, 4, EV 77.5 MPH)
|
Batting: LHB Israel Jaramillo
|
0-0: Ball 1-0: Ball 2-0: Ball 3-0: Base on Balls
|
Batting: RHB Hidemitsu Matsuno
|
0-0: Called Strike 0-1: 2-RUN HOME RUN (Flyball, 78XD, EV 99.4 MPH), Distance : 398 ft
|
Batting: RHB Ji-an See-to
|
0-0: SINGLE (Groundball, 34D, EV 103.1 MPH)
|
Batting: RHB Mario Martinez
|
0-0: Foul Ball, location: 2F 0-1: Ball 1-1: Swinging Strike 1-2: Foul Ball, location: 2F 1-2: Strikes out swinging
|
Batting: LHB Jim Unknown
|
0-0: Called Strike 0-1: SINGLE (Groundball, 3D, EV 98.1 MPH) Ji-an See-to to second Runner from 2nd tries for 3rd, OUT! 9-5
|
Top of the 1st over - 2 runs, 3 hits, 0 errors, 1 left on base; Coastal Carolina University 2 - University of Alabama 0 |
BOTTOM OF THE 1ST |
University of Alabama Crimson Tide batting - Pitching for Coastal Carolina University Chanticleers : RHP Jim Unknown
|
Pitching: RHP Jim Unknown
|
|
Batting: RHB Jorge Maciel
|
0-0: Ball 1-0: Ground out 1-3 (Groundball, 13S, EV 65.6 MPH)
|
Batting: RHB Er Le
|
0-0: Ball 1-0: Fly out, F6 (Line Drive, 6, EV 65.0 MPH)
|
Batting: RHB Rod Johnson
|
0-0: Ball 1-0: Ball 2-0: Ball 3-0: Called Strike 3-1: Called Strike 3-2: Base on Balls
|
Batting: LHB Ben Roth
|
0-0: Ball 1-0: Called Strike 1-1: DOUBLE (Line Drive, 78D, EV 105.6 MPH) Rod Johnson to third Runner from 3rd tries for Home, SAFE, throw by CF to home
|
Batting: RHB Hugo Chavez
|
0-0: Ground out 5-3 (Groundball, 56, EV 89.4 MPH)
|
Bottom of the 1st over - 1 run, 1 hit, 0 errors, 1 left on base; Coastal Carolina University 2 - University of Alabama 1 |
TOP OF THE 2ND |
Coastal Carolina University Chanticleers batting - Pitching for University of Alabama Crimson Tide : RHP Roger Whitaker
|
Batting: RHB Jim Unknown
|
0-0: Ball 1-0: Foul Ball, location: 2F 1-1: Swinging Strike 1-2: Ball 2-2: Strikes out looking
|
Batting: RHB Justin Klein
|
0-0: Ball 1-0: Called Strike 1-1: SINGLE (Groundball, 56D, EV 98.8 MPH)
|
Batting: RHB Dennis Bennett
|
0-0: Called Strike 0-1: Ball Pickoff Throw by Catcher to First - Out! 1-1: Called Strike 1-2: Strikes out swinging
|
Top of the 2nd over - 0 runs, 1 hit, 0 errors, 0 left on base; Coastal Carolina University 2 - University of Alabama 1 |
BOTTOM OF THE 2ND |
University of Alabama Crimson Tide batting - Pitching for Coastal Carolina University Chanticleers : RHP Jim Unknown
|
Batting: LHB Prince Nunley
|
0-0: Swinging Strike 0-1: Ball 1-1: Foul Ball, location: 2F 1-2: Ball 2-2: Ball 3-2: Strikes out looking
|
Batting: RHB Jose Cuellar
|
0-0: Called Strike 0-1: Swinging Strike 0-2: Ball 1-2: Ball 2-2: Ground out 6-3 (Groundball, 6, EV 85.6 MPH)
|
Batting: LHB Isaiah Spitzbarth
|
0-0: Called Strike 0-1: Swinging Strike 0-2: Foul Ball, location: 2F 0-2: Ball 1-2: Strikes out swinging
|
Bottom of the 2nd over - 0 runs, 0 hits, 0 errors, 0 left on base; Coastal Carolina University 2 - University of Alabama 1 |
TOP OF THE 3RD |
Coastal Carolina University Chanticleers batting - Pitching for University of Alabama Crimson Tide : RHP Roger Whitaker
|
Batting: RHB Jim Unknown
|
0-0: Called Strike 0-1: Ball 1-1: Ball 2-1: Swinging Strike 2-2: Fly out, F7 (Flyball, 7, EV 76.2 MPH)
|
Batting: LHB Israel Jaramillo
|
0-0: Swinging Strike 0-1: Called Strike 0-2: Strikes out swinging
|
Batting: RHB Hidemitsu Matsuno
|
0-0: Called Strike 0-1: Fly out, F8 (Flyball, 8LS, EV 80.0 MPH)
|
Top of the 3rd over - 0 runs, 0 hits, 0 errors, 0 left on base; Coastal Carolina University 2 - University of Alabama 1 |
BOTTOM OF THE 3RD |
University of Alabama Crimson Tide batting - Pitching for Coastal Carolina University Chanticleers : RHP Jim Unknown
|
Batting: RHB Tan-ming Kwan
|
0-0: Fly out, F3 (Popup, 3F, EV 66.2 MPH)
|
Batting: RHB Jorge Maciel
|
0-0: Ball 1-0: Ball 2-0: Ball 3-0: Called Strike 3-1: SINGLE (Line Drive, 78S, EV 111.9 MPH)
|
Batting: RHB Er Le
|
0-0: Ball 1-0: Foul Ball, location: 2F 1-1: Swinging Strike 1-2: Strikes out swinging
|
Batting: RHB Rod Johnson
|
0-0: Ball 1-0: SINGLE (Flyball, 5D, EV 100.0 MPH) Jorge Maciel to second
|
Batting: LHB Ben Roth
|
0-0: Ball 1-0: Ball 2-0: Ball 3-0: Called Strike 3-1: Base on Balls Jorge Maciel to third Rod Johnson to second
|
Batting: RHB Hugo Chavez
|
0-0: DOUBLE (Flyball, 89D, EV 110.6 MPH) Jorge Maciel scores Rod Johnson scores Ben Roth to third Runner from 3rd tries for Home, SAFE, no throw by CF
|
Batting: LHB Prince Nunley
|
0-0: Ball 1-0: SINGLE (Flyball, 5D, EV 93.1 MPH) Hugo Chavez to third Runner from 3rd tries for Home, SAFE, throw by LF to home
|
Batting: RHB Jose Cuellar
|
0-0: 2-RUN HOME RUN (Line Drive, 9D, EV 97.5 MPH), Distance : 369 ft
|
Batting: LHB Isaiah Spitzbarth
|
0-0: Ball 1-0: Ball 2-0: Fly out, F9 (Flyball, 9D, EV 93.1 MPH)
|
Bottom of the 3rd over - 6 runs, 5 hits, 0 errors, 0 left on base; Coastal Carolina University 2 - University of Alabama 7 |
TOP OF THE 4TH |
Coastal Carolina University Chanticleers batting - Pitching for University of Alabama Crimson Tide : RHP Roger Whitaker
|
Batting: RHB Ji-an See-to
|
0-0: Ball 1-0: Ball 2-0: Called Strike 2-1: Called Strike 2-2: Ball 3-2: Foul Ball, location: 2F 3-2: Foul Ball, location: 2F 3-2: Foul Ball, location: 2F 3-2: SINGLE (Line Drive, 4D, EV 106.2 MPH)
|
Batting: RHB Mario Martinez
|
0-0: Called Strike 0-1: DOUBLE (Line Drive, 89M, EV 110.0 MPH) Ji-an See-to to third
|
Batting: LHB Jim Unknown
|
0-0: Swinging Strike 0-1: Called Strike 0-2: Ball 1-2: Foul Ball, location: 2F 1-2: Foul Ball, location: 2F 1-2: Strikes out swinging, 2-3 out at first.
|
Batting: RHB Jim Unknown
|
0-0: Ball 1-0: Called Strike 1-1: Fly out, F9 (Flyball, 9LM, EV 84.4 MPH) Runner from 3rd tags up, SCORES, throw by RF Mario Martinez to third
|
Batting: RHB Justin Klein
|
0-0: Ball 1-0: Ball 2-0: Ground out 6-3 (Groundball, 6, EV 86.2 MPH)
|
Top of the 4th over - 1 run, 2 hits, 0 errors, 1 left on base; Coastal Carolina University 3 - University of Alabama 7 |
BOTTOM OF THE 4TH |
University of Alabama Crimson Tide batting - Pitching for Coastal Carolina University Chanticleers : RHP Jim Unknown
|
Batting: RHB Tan-ming Kwan
|
0-0: DOUBLE (Line Drive, 7LS, EV 108.1 MPH)
|
Batting: RHB Jorge Maciel
|
0-0: Called Strike 0-1: Ball 1-1: SINGLE (Flyball, 8RS, EV 90.6 MPH) Tan-ming Kwan to third Runner from 3rd tries for Home, SAFE, throw by CF to home
|
Pitching: RHP Jim Unknown
|
|
Batting: RHB Er Le
|
0-0: Ball 1-0: Ball 2-0: Ball 3-0: Called Strike 3-1: Called Strike 3-2: DOUBLE (Line Drive, 9D, EV 91.9 MPH) Jorge Maciel to third
|
Batting: RHB Rod Johnson
|
0-0: Swinging Strike 0-1: Called Strike 0-2: Ball 1-2: Ball 2-2: Strikes out swinging
|
Batting: LHB Ben Roth
|
0-0: Ball 1-0: Swinging Strike 1-1: Called Strike 1-2: Strikes out swinging
|
Batting: RHB Hugo Chavez
|
0-0: Swinging Strike 0-1: Foul Ball, location: 2F 0-2: Foul Ball, location: 2F 0-2: Ball 1-2: Ball 2-2: Ball 3-2: Base on Balls
|
Batting: LHB Prince Nunley
|
0-0: Ball 1-0: Ball 2-0: Called Strike 2-1: Foul Ball, location: 2F 2-2: Ball 3-2: Strikes out swinging
|
Bottom of the 4th over - 1 run, 3 hits, 0 errors, 3 left on base; Coastal Carolina University 3 - University of Alabama 8 |
TOP OF THE 5TH |
Coastal Carolina University Chanticleers batting - Pitching for University of Alabama Crimson Tide : RHP Roger Whitaker
|
Batting: RHB Dennis Bennett
|
0-0: Ball 1-0: Foul Ball, location: 2F 1-1: Ball 2-1: Foul Ball, location: 2F 2-2: Strikes out looking
|
Batting: RHB Jim Unknown
|
0-0: Ball 1-0: SINGLE (Groundball, 34D, EV 98.1 MPH)
|
Batting: LHB Israel Jaramillo
|
0-0: Foul Ball, location: 2F 0-1: SINGLE (Groundball, 56D, EV 103.8 MPH) Jim Unknown to second
|
Batting: RHB Hidemitsu Matsuno
|
0-0: DOUBLE (Line Drive, 5D, EV 97.5 MPH) Jim Unknown scores Israel Jaramillo to third Runner from 3rd tries for Home, throw by LF and OUT! 7-6-2
|
Batting: RHB Ji-an See-to
|
0-0: Called Strike 0-1: Foul Ball, location: 2F 0-2: Fly out, F4 (Popup, 34D, EV 65.6 MPH)
|
Top of the 5th over - 1 run, 3 hits, 0 errors, 1 left on base; Coastal Carolina University 4 - University of Alabama 8 |
BOTTOM OF THE 5TH |
University of Alabama Crimson Tide batting - Pitching for Coastal Carolina University Chanticleers : RHP Jim Unknown
|
Batting: RHB Jose Cuellar
|
0-0: Fly out, F8 (Flyball, 8LD, EV 102.5 MPH)
|
Batting: LHB Isaiah Spitzbarth
|
0-0: Ground out 4-3 (Groundball, 34D, EV 108.8 MPH)
|
Batting: RHB Tan-ming Kwan
|
0-0: Ball 1-0: Ball 2-0: Ball 3-0: Called Strike 3-1: Base on Balls
|
Batting: RHB Jorge Maciel
|
0-0: Called Strike 0-1: Fly out, F7 (Flyball, 7D, EV 99.4 MPH)
|
Bottom of the 5th over - 0 runs, 0 hits, 0 errors, 1 left on base; Coastal Carolina University 4 - University of Alabama 8 |
TOP OF THE 6TH |
Coastal Carolina University Chanticleers batting - Pitching for University of Alabama Crimson Tide : RHP Roger Whitaker
|
Batting: RHB Mario Martinez
|
0-0: Foul Ball, location: 2F 0-1: Ball 1-1: Ball 2-1: Swinging Strike 2-2: Foul Ball, location: 2F 2-2: SOLO HOME RUN (Flyball, 7D, EV 95.6 MPH), Distance : 360 ft
|
Pitching: RHP Gabriel Bass
|
|
Batting: LHB Jim Unknown
|
0-0: Foul Ball, location: 2F 0-1: Ball 1-1: DOUBLE (Flyball, 8RXD, EV 100.6 MPH)
|
Batting: RHB Jim Unknown
|
0-0: Ball 1-0: Ball 2-0: Ball 3-0: Called Strike 3-1: Foul Ball, location: 2F 3-2: Strikes out swinging
|
Batting: RHB Justin Klein
|
0-0: Swinging Strike 0-1: Ball 1-1: Fly out, F6 (Flyball, 56D, EV 89.4 MPH)
|
Batting: RHB Dennis Bennett
|
0-0: Ground out 6-3 (Groundball, 6M, EV 88.1 MPH)
|
Top of the 6th over - 1 run, 2 hits, 0 errors, 1 left on base; Coastal Carolina University 5 - University of Alabama 8 |
BOTTOM OF THE 6TH |
University of Alabama Crimson Tide batting - Pitching for Coastal Carolina University Chanticleers : RHP Jim Unknown
|
Batting: RHB Er Le
|
0-0: Foul Ball, location: 2F 0-1: Ball 1-1: Fly out, F8 (Line Drive, 8RD, EV 93.8 MPH)
|
Batting: RHB Rod Johnson
|
0-0: Fly out, F3 (Popup, 3F, EV 76.2 MPH)
|
Batting: LHB Ben Roth
|
0-0: Ball 1-0: Ball 2-0: Fly out, F8 (Flyball, 78S, EV 78.8 MPH)
|
Bottom of the 6th over - 0 runs, 0 hits, 0 errors, 0 left on base; Coastal Carolina University 5 - University of Alabama 8 |
TOP OF THE 7TH |
Coastal Carolina University Chanticleers batting - Pitching for University of Alabama Crimson Tide : RHP Gabriel Bass
|
Batting: RHB Jim Unknown
|
0-0: Ball 1-0: Ground out 4-3 (Groundball, 4M, EV 88.8 MPH)
|
Batting: LHB Israel Jaramillo
|
0-0: Ball 1-0: Foul Ball, location: 2F 1-1: Called Strike 1-2: Ground out U3 (Groundball, 3, EV 102.5 MPH)
|
Batting: RHB Hidemitsu Matsuno
|
0-0: Called Strike 0-1: Ball 1-1: Foul Ball, location: 2F 1-2: Fly out, F9 (Flyball, 89S, EV 92.5 MPH)
|
Top of the 7th over - 0 runs, 0 hits, 0 errors, 0 left on base; Coastal Carolina University 5 - University of Alabama 8 |
BOTTOM OF THE 7TH |
University of Alabama Crimson Tide batting - Pitching for Coastal Carolina University Chanticleers : RHP Jim Unknown
|
Batting: RHB Hugo Chavez
|
0-0: Ball 1-0: Foul Ball, location: 2F 1-1: Foul Ball, location: 2F 1-2: Ground out 6-3 (Groundball, 6S, EV 80.0 MPH)
|
Batting: LHB Prince Nunley
|
0-0: Ball 1-0: Swinging Strike 1-1: SOLO HOME RUN (Flyball, 89XD, EV 109.4 MPH), Distance : 406 ft
|
Batting: RHB Jose Cuellar
|
0-0: SINGLE (Flyball, 4D, EV 87.5 MPH)
|
Batting: LHB Isaiah Spitzbarth
|
0-0: Foul Ball, location: 2F 0-1: DOUBLE (Flyball, 89D, EV 111.9 MPH) Jose Cuellar to third
|
Batting: RHB Tan-ming Kwan
|
0-0: Called Strike 0-1: Fly out, F9 (Flyball, 89M, EV 85.0 MPH) Runner from 3rd tags up, SCORES, throw by RF
|
Batting: RHB Jorge Maciel
|
0-0: SINGLE (Line Drive, 9LS, EV 110.0 MPH) Isaiah Spitzbarth to third
|
Batting: RHB Er Le
|
0-0: Ball Wild Pitch! Isaiah Spitzbarth scores Jorge Maciel to second 1-0: Ball 2-0: Called Strike 2-1: Ball 3-1: Foul Ball, location: 2F 3-2: Foul Ball, location: 2F 3-2: Base on Balls
|
Batting: RHB Rod Johnson
|
0-0: Ball 1-0: Called Strike 1-1: Ball 2-1: Ball 3-1: Foul Ball, location: 2F 3-2: DOUBLE (Flyball, 78D, EV 101.2 MPH) Jorge Maciel scores Er Le to third Er Le scores
|
Pitching: RHP Jim Unknown
|
|
Batting: LHB Ben Roth
|
0-0: Foul Ball, location: 2F 0-1: Ball 1-1: Called Strike 1-2: Ball 2-2: Ball 3-2: 2-RUN HOME RUN (Flyball, 9D, EV 93.1 MPH), Distance : 353 ft
|
Batting: RHB Hugo Chavez
|
0-0: Ball 1-0: Swinging Strike 1-1: DOUBLE (Flyball, 89D, EV 103.8 MPH)
|
Batting: LHB Prince Nunley
|
0-0: Swinging Strike 0-1: Ball 1-1: Foul Ball, location: 2F 1-2: Fly out, F8 (Flyball, 8RXD, EV 89.4 MPH)
|
Bottom of the 7th over - 7 runs, 7 hits, 0 errors, 1 left on base; Coastal Carolina University 5 - University of Alabama 15 |
TOP OF THE 8TH |
Coastal Carolina University Chanticleers batting - Pitching for University of Alabama Crimson Tide : RHP Gabriel Bass
|
Batting: RHB Ji-an See-to
|
0-0: Called Strike 0-1: Called Strike 0-2: Strikes out looking
|
Batting: RHB Mario Martinez
|
0-0: Called Strike 0-1: Ball 1-1: Ball 2-1: Ball 3-1: Base on Balls
|
Batting: LHB Jim Unknown
|
0-0: Ball 1-0: Fielders Choice at 2nd, 5-4 (Groundball, 5, EV 80.6 MPH)
|
Batting: RHB Jim Unknown
|
0-0: Ball 1-0: Ball 2-0: Ground out U3 (Groundball, 34, EV 86.9 MPH)
|
Top of the 8th over - 0 runs, 0 hits, 0 errors, 1 left on base; Coastal Carolina University 5 - University of Alabama 15 |
BOTTOM OF THE 8TH |
University of Alabama Crimson Tide batting - Pitching for Coastal Carolina University Chanticleers : RHP Jim Unknown
|
Batting: RHB Jose Cuellar
|
0-0: Called Strike 0-1: SINGLE (Groundball, 15S, EV 68.1 MPH) (infield hit)
|
Batting: LHB Isaiah Spitzbarth
|
0-0: Foul Ball, location: 2F 0-1: Ball 1-1: Ball 2-1: Called Strike 2-2: Foul Ball, location: 2F 2-2: Foul Ball, location: 2F 2-2: Ball 3-2: Base on Balls Jose Cuellar to second
|
Batting: RHB Tan-ming Kwan
|
0-0: Ball 1-0: Fielders Choice at 2nd, 1-6 (Groundball, 13S, EV 61.2 MPH) Jose Cuellar to third
|
Batting: RHB Jorge Maciel
|
0-0: Fielders Choice at 2nd, 6-4 (Groundball, 6, EV 85.0 MPH) Jose Cuellar scores
|
Batting: RHB Er Le
|
0-0: Called Strike 0-1: Ball 1-1: Foul Ball, location: 2F 1-2: Foul Ball, location: 2F 1-2: 2-RUN HOME RUN (Flyball, 7D, EV 95.6 MPH), Distance : 368 ft
|
Batting: RHB Rod Johnson
|
0-0: Ball 1-0: Ball 2-0: SOLO HOME RUN (Flyball, 7LD, EV 91.9 MPH), Distance : 334 ft
|
Pitching: RHP Jim Unknown
|
|
Batting: LHB Ben Roth
|
0-0: Hit by Pitch
|
Batting: RHB Hugo Chavez
|
0-0: Called Strike 0-1: Ball 1-1: Foul Ball, location: 2F 1-2: Ball 2-2: Fielders Choice at 2nd, 6-4 (Groundball, 6, EV 93.1 MPH)
|
Bottom of the 8th over - 4 runs, 3 hits, 0 errors, 1 left on base; Coastal Carolina University 5 - University of Alabama 19 |
TOP OF THE 9TH |
Coastal Carolina University Chanticleers batting - Pitching for University of Alabama Crimson Tide : RHP Gabriel Bass
|
Batting: RHB Justin Klein
|
0-0: Ball 1-0: Ball 2-0: Foul Ball, location: 2F 2-1: DOUBLE (Flyball, 89D, EV 95.6 MPH)
|
Batting: RHB Dennis Bennett
|
0-0: Called Strike 0-1: Swinging Strike 0-2: Ball 1-2: Ball 2-2: Foul Ball, location: 2F 2-2: Strikes out swinging
|
Batting: RHB Jim Unknown
|
0-0: Ball 1-0: Reached on error, E6 (Popup, 6MS, EV 77.5 MPH) Justin Klein to third
|
Batting: LHB Israel Jaramillo
|
0-0: DOUBLE (Flyball, 89D, EV 101.9 MPH) Justin Klein scores Jim Unknown to third
|
Batting: RHB Hidemitsu Matsuno
|
0-0: Ground out U3 (Groundball, 3S, EV 90.0 MPH)
|
Batting: RHB Ji-an See-to
|
0-0: Ball 1-0: Foul Ball, location: 2F 1-1: Called Strike 1-2: Fly out, F6 (Popup, 6, EV 78.1 MPH)
|
Top of the 9th over - 1 run, 2 hits, 1 error, 2 left on base; Coastal Carolina University 6 - University of Alabama 19 |
|